 Dungeon Crawl Stone Soup version 0.22.0-25-g7663229ff0 (webtiles) character file.

72 Kirk the Chopper (level 4, 35/51 HPs)
             Began as a Demonspawn Gladiator on Aug 20, 2018.
             Quit the game on level 2 of the Dungeon.
             The game lasted 00:02:58 (1619 turns).

Kirk the Chopper (Demonspawn Gladiator)             Turns: 1619, Time: 00:02:58

Health: 35/51      AC: 22    Str: 20    XL:     4   Next: 7%
Magic:  4/4        EV:  2    Int: 10    God:
Gold:   77         SH:  0    Dex: 16    Spells: 3/3 levels left

rFire    . . .     SeeInvis .   a - +0 war axe
rCold    . . .     Gourm    .   (no shield)
rNeg     + + +     Faith    .   (armour currently unavailable)
rPois    +         Spirit   +   (helmet currently unavailable)
rElec    .         Reflect  .   (cloak currently unavailable)
rCorr    .         Harm     .   (gloves currently unavailable)
MR       .....     NoTele   +   (boots currently unavailable)
Stlth    +++.......             (no amulet)
HPRegen  0.17/turn              m - -3 ring of dexterity (curse)
MPRegen  0.09/turn              o - ring of stealth

@: mighty, agile, tree-form
A: magic shield
a: no special abilities


You were on level 2 of the Dungeon.
You were very hungry.
You were a tree.
You visited 1 branch of the dungeon, and saw 3 of its levels.

You collected 77 gold pieces.

Inventory:

Hand Weapons
 a - a +0 war axe (weapon)
Missiles
 d - 3 throwing nets (quivered)
Armour
 b - a +0 leather armour (melded)
 c - a +0 helmet (melded)
Jewellery
 m - a cursed -3 ring of dexterity (left branch)
 o - a ring of stealth (right branch)
Scrolls
 k - 2 scrolls of immolation
Comestibles
 f - 2 rations


   Skills:
 + Level 2.6 Fighting
 * Level 4.1 Axes
 - Level 1.7 Throwing
 + Level 0.4 Armour
 - Level 2.6 Dodging


You had 3 spell levels left.
You didn't know any spells.
Your spell library was empty.

Dungeon Overview and Level Annotations

Branches:
Dungeon (3/15)

Altars:

Annotations:
D:2 Natasha


Innate Abilities, Weirdness & Mutations

((You have large cloven feet.))
((You are partially covered in thin metallic scales. (AC +2)))
When hurt, damage is shared between your health and your magic reserves.


Message History

The gnoll hits you but does no damage. The gnoll completely misses you.
Unknown command.
It was a potion of might.
You feel very mighty all of a sudden.
The gnoll hits you but does no damage. x2
It was a potion of agility.
You feel agile all of a sudden.
The gnoll hits you but does no damage. x2
It was a potion of heal wounds.
You feel much better.
The gnoll hits you but does no damage. x2
Unknown command.
You slash the gnoll!
You kill the gnoll!
Your Axes skill increases to level 4!
You slash the gnoll!
You kill the gnoll!
You have reached level 4!
You feel clever.
Your demonic ancestry asserts itself...
You feel your magical essence form a protective shroud around your flesh.
Are you sure you want to abandon this character and quit the game? (Confirm with "yes".)

#.# #.# ###.# #.# ######
#.###.# #.### #.#
#.....# #...# ###.#
###..## ###.###(..#
###..# #..#..###
.....#### ##.#.##
.###....# #.#.# .#
####.# #...# ##
#.########♣.## #......#
#)).####
######.####.....#
#..###)###.#
#############..##.# #
................#.###
......########......#...
##### #..(.........
######### #.............


There were no monsters in sight!

Vanquished Creatures
  3 gnolls (D:2)
  3 worms
  A dart slug (D:1)
  A giant cockroach (D:2)
  3 goblins
  6 hobgoblins
  2 ball pythons
  6 bats
  3 frilled lizards
  3 kobolds
  6 rats
37 creatures vanquished.

Notes
Turn   | Place    | Note
-------+----------+-------------------------------------------
     0 | D:1      | Kirk the Demonspawn Gladiator began the quest for the Orb.
     0 | D:1      | Reached XP level 1. HP: 16/16 MP: 1/1
   250 | D:1      | Reached skill level 3 in Axes
   250 | D:1      | Gained mutation: You are partially covered in thin metallic scales. (AC +2) [demonic ancestry]
   250 | D:1      | Reached XP level 2. HP: 15/23 MP: 2/2
   744 | D:2      | Gained mutation: You have large cloven feet. [demonic ancestry]
   744 | D:2      | Reached XP level 3. HP: 13/28 MP: 3/3
   983 | D:2      | Noticed Natasha
  1618 | D:2      | Reached skill level 4 in Axes
  1618 | D:2      | Gained mutation: When hurt, damage is shared between your health and your magic reserves. [demonic ancestry]
  1618 | D:2      | Reached XP level 4. HP: 34/34 MP: 4/4
  1619 | D:2      | Quit the game

Skill      XL: |  1  2  3 |
---------------+----------+-----
Axes           | 3 4 |  4.1
Fighting       | |  2.6
Throwing       | |  1.7
Armour         | |  0.4
Dodging        | |  2.6

Action                   |  1- 3 |  4- 6 || total
-------------------------+-------+-------++-------
Melee: War axe           |   104 |       ||   104
       Kick              |    10 |       ||    10
  Use: Scroll            |     4 |       ||     4
       Potion            |     4 |       ||     4
  Eat: Chunk             |     1 |       ||     1
Armor: Leather armour    |    40 |       ||    40
       Skin              |     7 |       ||     7
Dodge: Dodged            |    79 |       ||    79
